 Dungeon Crawl Stone Soup version 0.30-a0-1157-g2cc9ac7196 (webtiles) character file.

Game seed: 8485323718780189580

97 BlueFish the Trooper (level 4, 0/31 HPs)
             Began as an Octopode Fighter on Apr 24, 2023.
             Slain by an orc
             ... wielding a +0 mace
              (8 damage)
             ... on level 3 of the Dungeon.
             The game lasted 00:03:55 (1773 turns).

BlueFish the Trooper (Octopode Fighter)             Turns: 1773, Time: 00:03:56

Health: 0/31       AC:  1    Str: 17    XL:     4   Next: 68%
Magic:  4/4        EV: 13    Int: 10    God:
Gold:   202        SH:  4    Dex: 11    Spells: 3/3 levels left

rFire   . . .        b - +0 whip
rCold   . . .        g - +0 buckler
rNeg    . . .        (helmet restricted)
rPois   .            (no amulet)
rElec   .            (no ring)
rCorr   .            (no ring)
SInv    .            (no ring)
Will    .....        (no ring)
Stlth   +++          (no ring)
HPRegen 0.25/turn    (no ring)
MPRegen 0.09/turn    (no ring)
                     (no ring)

%: no passive effects
@: lethally poisoned (0 -> -3)
A: almost no armour, amphibious, 8 rings, camouflage 1, gelatinous body 1,
(nimble swimmer 1), tentacles
a: no special abilities


You were on level 3 of the Dungeon.
You visited 1 branch of the dungeon, and saw 3 of its levels.

You collected 202 gold pieces.

Inventory:

Hand Weapons
 a - a +0 sling
 b - a +0 whip (weapon)
 o - a +0 flail
Missiles
 e - 19 stones (quivered)
Armour
 g - a +0 buckler (worn)
Scrolls
 d - 7 scrolls of identify {unknown}
 f - a scroll of amnesia {unknown}
 h - a scroll of enchant armour {unknown}
 i - a scroll of fog {unknown}
 j - a scroll of magic mapping {unknown}
 k - a scroll of butterflies {unknown}
 l - a scroll of torment {unknown}
 m - a scroll of poison {unknown}
 n - a scroll of blinking {unknown}
 r - a scroll of teleportation {unknown}
Potions
 c - 2 potions of might
 p - 2 potions of curing {unknown}
 q - a potion of heal wounds {unknown}
 s - a potion of attraction {unknown}


   Skills:
 + Level 3.3 Fighting
 + Level 2.5 Maces & Flails
 + Level 1.2 Throwing
 + Level 3.3 Dodging
 * Level 3.1 Stealth
 + Level 3.3 Shields


You had 3 spell levels left.
You didn't know any spells.
Your spell library contained the following spells:

 Spells                   Type           Power      Damage    Failure   Level
 Freeze                   Ice            0%         1d3       43%         1
 Frozen Ramparts          Ice            0%         1d1       82%         3
 Hailstorm                Conj/Ice       0%         3d3       82%         3
 Ignite Poison            Fire/Tmut/Pois 0%         N/A       82%         3
 Animate Dead             Necr           0%         N/A       99%         4
 Sticky Flame             Conj/Fire      0%         2d3       99%         4
 Borgnjor's Vile Clutch   Necr/Erth      0%         N/A       100%        5
 Death Channel            Necr           0%         N/A       100%        6
 Ignition                 Fire           0%         3d3       100%        8


Dungeon Overview and Level Annotations

Branches:
Dungeon (3/15)

Altars:
Wu Jian


Innate Abilities, Weirdness & Mutations

You cannot wear most types of armour.
You are amphibious.
You can wear up to eight rings at the same time.
Your skin changes colour to match your surroundings (Stealth+).
Your rubbery body absorbs attacks. (AC +1, EV +1)
((You are camouflaged when in or above water. (Stealth+)))
You have tentacles for arms and can constrict up to eight enemies at once.


Message History

You kill the orc!
You shoot a sling bullet. The sling bullet hits the orc.
The orc is almost dead.
An orc comes into view. It is wielding a +0 mace.
You shoot a sling bullet. The orc shouts!
The sling bullet hits the orc but does no damage.
The orc is almost dead.
You shoot a sling bullet. The sling bullet hits the orc.
You kill the orc!
An adder comes into view.
b - a +0 whip (weapon)
An orc comes into view.
It is wielding a +0 whip and wearing a +0 chain mail of cold resistance.
You miss the adder. Your grab misses the adder. Your squeeze misses the adder.
You block the adder's attack.
You barely miss the adder. Your grab misses the adder.
The adder completely misses you. The orc barely misses you.
The adder closely misses you.
You barely miss the adder. Your grab misses the adder.
Your squeeze misses the adder. The adder closely misses you.
You closely miss the adder. You grab the adder. You constrict the adder.
The adder bites you.
You are poisoned.
The adder poisons you! The orc hits you with a +0 hand axe.
The adder barely misses you.
You barely miss the orc. Your grab misses the orc. You constrict the adder.
You feel sick. The orc hits you with a +0 mace! You block the orc's attack.
The adder barely misses you.
You hit the orc. You grab the orc. You squeeze the orc.
You kill the orc!
You constrict the adder.
You feel sick. The orc hits you with a +0 mace. The adder bites you.
You are more poisoned.
The adder poisons you!
You hit the orc. Your grab misses the orc. Your squeeze misses the orc.
The orc is lightly wounded.
You constrict the adder.
You feel sick. The adder bites you.
* * * LOW HITPOINT WARNING * * *
The orc hits you with a +0 mace!
You die...

#.# #.# ##+## #.# #.# ##...## #
##.## #.##### ##.....## # .#..#
#.#...# ##.......## #
..#.#######.....####.........####
...................'.....)...')..
..#.#########...####.........####
.##.# #####.######.......## #
###.######....oS@)# ##.....## #
........##.###.##o# ##...##
....###.# #.# )# ##+## ....# #.#
..# .# .#.####.# #.## )# #.
........# #. .# ##.# <#.###### #.
.# ##...## ...# .. .####.....#
.### ... ....#


You could see an adder and 2 orcs.

Vanquished Creatures
  3 adders
  3 orcs (D:3)
  5 endoplasms
  3 giant cockroaches
  8 goblins
  7 hobgoblins
  2 jackals (D:2)
  4 kobolds
  4 quokkas
  4 ball pythons
  6 bats
  5 frilled lizards
  8 rats
62 creatures vanquished.

Vanquished Creatures (others)
  4 plants (D:2)
4 creatures vanquished.

Grand Total: 66 creatures vanquished

Notes
Turn   | Place    | Note
-------+----------+-------------------------------------------
     0 | D:1      | BlueFish the Octopode Fighter began the quest for the Orb.
     0 | D:1      | Reached XP level 1. HP: 16/16 MP: 1/1
    71 | D:1      | Reached skill level 1 in Stealth
    98 | D:1      | Reached XP level 2. HP: 21/21 MP: 2/2
   431 | D:2      | Reached XP level 3. HP: 12/26 MP: 3/3
   708 | D:2      | Found a faded altar of an unknown god.
   839 | D:2      | Reached skill level 1 in Throwing
  1027 | D:2      | Found an ornate altar of the Wu Jian Council.
  1083 | D:3      | Reached XP level 4. HP: 27/31 MP: 4/4
  1773 | D:3      | Slain by an orc

Illustrated notes

Levels and vault maps discovered:
D:1:      erik_arrival_orb_chamber, layout_basic, chequers_serial_rivers_micro_a
D:2:      layout_rooms, shapermc_ecumenical_altar_mp_ritualfount, basic_altar,
          hangedman_feature_mirror
D:3:      layout_loops_corners, amcnicky_mini_corridor_feature

Skill      XL: |  1  2  3  4 |
---------------+-------------+-----
Stealth        | 1 2 3 |  3.1
Throwing       | 1 |  1.2
Fighting       | |  3.3
Maces & Flails | |  2.5
Dodging        | |  3.3
Shields        | |  3.3

Action                     |  1- 3 |  4- 6 || total
---------------------------+-------+-------++-------
  Melee: Flail             |     9 |       ||     9
         Constrict         |    21 |     4 ||    25
         Tentacles         |    14 |     4 ||    18
         Whip              |    70 |    33 ||   103
         Punch             |     1 |       ||     1
   Fire: Sling             |     3 |    32 ||    35
   Stab: Sleeping          |     9 |       ||     9
 Armour: Skin              |     6 |     3 ||     9
  Dodge: Dodged            |    41 |    14 ||    55
  Block: Buckler           |    13 |     7 ||    20

Table legend: (Time is in decaauts)
 A = Elapsed time spent in this place.
 B = Non-inter-level travel time spent in this place.
 C = Inter-level travel time spent in this place.
 D = Time resting spent in this place.
 E = Time spent auto-exploring this place.
 F = Levels seen in this place.
 G = Mean time per level.
                   A        B        C        D        E       F      G
               +--------+--------+--------+--------+--------+-----+--------+
         Total |   1781 |   1734 |     47 |      0 |   1330 |   3 |  593.7 |
       Dungeon |   1781 |   1734 |     47 |      0 |   1330 |   3 |  593.7 |
               +--------+--------+--------+--------+--------+-----+--------+

Top non-repeatable levels by time:
     D:3: 718 daAuts
     D:2: 640 daAuts
     D:1: 422 daAuts
